 Dungeon Crawl Stone Soup version 0.22-a0-348-gd16d1391c7 (webtiles) character file.

21 Dargar the Bolt Thrower (level 3, 21/21 HPs)
             Began as a Kobold Hunter on Apr 10, 2018.
             Quit the game on level 1 of the Dungeon on Apr 11, 2018.
             The game lasted 00:02:54 (1164 turns).

Dargar the Bolt Thrower (Kobold Hunter)             Turns: 1164, Time: 00:02:55

Health: 21/21      AC:  4    Str:  9    XL:     3   Next: 5%
Magic:  3/3        EV: 15    Int: 12    God:
Gold:   31         SH:  0    Dex: 16    Spells: 2/2 levels left

rFire    . . .     SeeInvis .   a - +1 hand crossbow
rCold    . . .     Gourm    .   (shield restricted)
rNeg     . . .     Faith    .   c - +0 leather armour
rPois    .         Spirit   .   (no helmet)
rElec    .         Reflect  .   (no cloak)
rCorr    .         Harm     .   j - +0 pair of gloves
MR       .....                  (no boots)
Stlth    ++........             (no amulet)
HPRegen  0.07/turn              (no ring)
MPRegen  0.08/turn              (no ring)

@: no status effects
A: small, carnivore
a: no special abilities


You were on level 1 of the Dungeon.
You were full.

You visited 1 branch of the dungeon, and saw 1 of its levels.

You collected 31 gold pieces.

Inventory:

Hand Weapons
 a - a +1 hand crossbow (weapon)
 b - a +0 short sword
Missiles
 d - 35 bolts (quivered)
Armour
 c - a +0 leather armour (worn)
 j - a +0 pair of gloves (worn)
Scrolls
 e - a scroll of remove curse {unknown}
 h - a scroll of teleportation {unknown}
 i - a scroll of amnesia {unknown}
 m - a scroll of identify {unknown}
Potions
 g - a potion of curing {unknown}
 k - a potion of agility {unknown}
 l - a potion of heal wounds {unknown}
Comestibles
 f - a ration


   Skills:
 + Level 2.2 Fighting
 + Level 5.6 Crossbows
 + Level 2.7 Dodging
 + Level 1.5 Stealth


You had 2 spell levels left.
You didn't know any spells.

Dungeon Overview and Level Annotations

Branches:
Dungeon (1/15)

Altars:


Innate Abilities, Weirdness & Mutations

You are small and have problems with some larger weapons.
You are carnivorous and can eat meat at any time.


Message History

Firing (i - inventory)
d - 34 bolts (quivered)
Press: ? - help, Shift-Dir - straight line, f/p - goblin
Aim: a goblin, wielding a dagger You shoot a bolt.
The bolt closely misses the goblin.
The goblin misses you.
Firing (i - inventory)
d - 33 bolts (quivered)
Press: ? - help, Shift-Dir - straight line, f/p - goblin
Aim: a goblin, wielding a dagger You shoot a bolt.
The bolt hits the goblin!
You kill the goblin!
d - 33 bolts (gained 1)
You see here a dagger.
There isn't anything to butcher here.
d - 34 bolts (gained 1)
d - 35 bolts (gained 1) Done exploring.
Done exploring.
Saving game... please wait.
Welcome back, Dargar the Kobold Hunter.
Press ? for a list of commands and other information.
Are you sure you want to abandon this character and quit the game? (Confirm with "yes".)

###.######...........#...........
#.........############.###.......
..........'............#...######
#.........##############.........
.................................
..######################.........
....#............# #...######
....#.##########.# #...######
....#..........#@# #####...##...#
....#..#.#####.#.# #.......##)..#
....#..#.......#.# #.#####.##...#
....#..#########)# #.# #.##...#
....#............# #.# #>##...#
.........###########'#####+##...#
..#.#.#..# #..............
..#...#..# #..............
..#####..# ########..............


There were no monsters in sight!

Vanquished Creatures
  An ooze (D:1)
  A dart slug (D:1)
  2 giant cockroaches (D:1)
  3 goblins (D:1)
  5 bats (D:1)
  3 frilled lizards (D:1)
  A rat (D:1)
16 creatures vanquished.

Notes
Turn   | Place    | Note
-------+----------+-------------------------------------------
     0 | D:1      | Dargar the Kobold Hunter began the quest for the Orb.
     0 | D:1      | Reached XP level 1. HP: 12/12 MP: 1/1
   117 | D:1      | Reached skill level 5 in Crossbows
   117 | D:1      | Reached XP level 2. HP: 17/17 MP: 2/2
   967 | D:1      | Reached XP level 3. HP: 21/21 MP: 3/3
  1164 | D:1      | Quit the game

Vault maps used:
D:1:      scummos_arrival_simple_fountains

Skill      XL: |  1 |
---------------+----+-----
Crossbows      | 5 |  5.6
Fighting       | |  2.2
Dodging        | |  2.7
Stealth        | |  1.5

Action                   || total
-------------------------++-------
Melee: Hand crossbow     ||    10
 Fire: Hand crossbow     ||    31
  Eat: Chunk             ||     5
Armor: Leather armour    ||     2
Dodge: Dodged            ||    20

Table legend:
 A = Spawn XP
 B = Non-spawn XP
 C = Spawn XP percentage of total XP
 D = Spawn monster count
 E = Non-spawn monster count
 F = Spawn count percentage of total count
 G = Total turns spent on level
                    A         B        C        D         E        F      G
               +---------+---------+-------+---------+---------+-------+---------
         Total |       0 |      31 |   0.0 |       0 |      16 |   0.0 |  1164
               +---------+---------+-------+---------+---------+-------+---------
           D:1 |       0 |      31 |   0.0 |       0 |      16 |   0.0 |  1164
               +---------+---------+-------+---------+---------+-------+---------
